WIN
MINNESOTA (WIN) TWINS @ BOSTON (WIN) RED SOX
12/21/2047
 
TOP OF THE 1ST
Minnesota (WIN) Twins batting - Pitching for Boston (WIN) Red Sox : LHP Adam Schneidewind
Pitching: LHP Adam Schneidewind
Batting: RHB Miguel Gonzalez 0-0: Called Strike
0-1: SOLO HOME RUN (Flyball, 78XD, EV 105.6 MPH), Distance : 426 ft
Batting: SHB Dan Morataya 0-0: Ground out 4-3 (Groundball, 4S, EV 70.0 MPH)
Batting: RHB Michael McDonald 0-0: Swinging Strike
0-1: Ball
1-1: Ball
2-1: SINGLE (Groundball, 34D, EV 103.8 MPH)
Batting: LHB Kuemon Shishido 0-0: Called Strike
0-1: Ball
1-1: 2-RUN HOME RUN (Flyball, 7D, EV 95.0 MPH), Distance : 382 ft
Batting: SHB Ian Thompson 0-0: Ball
1-0: Called Strike
1-1: Foul Ball, location: 2F
1-2: DOUBLE (Line Drive, 78D, EV 113.8 MPH)
Batting: RHB Steve Raine 0-0: Foul Ball, location: 2F
0-1: Ball
1-1: Ball
2-1: SINGLE (Line Drive, 8RS, EV 94.4 MPH)
Ian Thompson to third
Batting: RHB Kevin Harris 0-0: Ball
1-0: Foul Ball, location: 2F
1-1: Called Strike
Steve Raine is caught stealing 2nd base 2-4
1-2: Foul Ball, location: 2F
1-2: Ball
2-2: SINGLE (Groundball, 56D, EV 107.5 MPH)
Ian Thompson scores
Batting: RHB David Nardone 0-0: 2-RUN HOME RUN (Flyball, 78XD, EV 109.4 MPH), Distance : 427 ft
Batting: RHB Jorge Corte 0-0: Ball
1-0: Foul Ball, location: 2F
1-1: Called Strike
1-2: Foul Ball, location: 2F
1-2: Strikes out swinging
Top of the 1st over - 6 runs, 7 hits, 0 errors, 0 left on base; Minnesota (WIN) 6 - Boston (WIN) 0
BOTTOM OF THE 1ST
Boston (WIN) Red Sox batting - Pitching for Minnesota (WIN) Twins : RHP Jason Stout
Pitching: RHP Jason Stout
Batting: SHB Ben Ervin 0-0: Ground out 4-3 (Groundball, 4, EV 88.8 MPH)
Batting: RHB Brandon Perris 0-0: Foul Ball, location: 2F
0-1: Foul Ball, location: 2F
0-2: Ball
1-2: Foul Ball, location: 2F
1-2: Foul Ball, location: 2F
1-2: Ball
2-2: SINGLE (Flyball, 8LS, EV 90.0 MPH)
Batting: LHB Jarrett Mordecai 0-0: Swinging Strike
0-1: Ball
1-1: Ball
2-1: DOUBLE (Line Drive, 9LS, EV 99.4 MPH)
Brandon Perris to third
Runner from 3rd tries for Home, throw by RF and OUT! 9-4-2
Runner from 2nd tries for 3rd, throw by C and ERROR! Runner scores!
Batting: SHB Greg Shaw 0-0: Fly out, F8 (Flyball, 8LXD, EV 100.0 MPH)
Bottom of the 1st over - 1 run, 2 hits, 0 errors, 0 left on base; Minnesota (WIN) 6 - Boston (WIN) 1
TOP OF THE 2ND
Minnesota (WIN) Twins batting - Pitching for Boston (WIN) Red Sox : LHP Adam Schneidewind
Batting: RHB Miguel Gonzalez 0-0: Ball
1-0: Called Strike
1-1: Ball
2-1: Ball
3-1: Foul Ball, location: 2F
3-2: Foul Ball, location: 2F
3-2: Ground out 4-3 (Groundball, 4, EV 103.1 MPH)
Batting: SHB Dan Morataya 0-0: Ball
1-0: Called Strike
1-1: Foul Ball, location: 2F
1-2: Fly out, F7 (Flyball, 78M, EV 81.9 MPH)
Batting: RHB Michael McDonald 0-0: Ball
1-0: Foul Ball, location: 2F
1-1: Swinging Strike
1-2: Ball
2-2: Fly out, F2 (Popup, 2LF, EV 87.5 MPH)
Top of the 2nd over - 0 runs, 0 hits, 0 errors, 0 left on base; Minnesota (WIN) 6 - Boston (WIN) 1
BOTTOM OF THE 2ND
Boston (WIN) Red Sox batting - Pitching for Minnesota (WIN) Twins : RHP Jason Stout
Batting: LHB David Moore 0-0: Fly out, F8 (Flyball, 78D, EV 101.9 MPH)
Batting: RHB Jose Diaz 0-0: Called Strike
0-1: SINGLE (Groundball, 34D, EV 108.8 MPH)
Batting: LHB Tim Fuller 0-0: Grounds into double play, 4-6-3 (Groundball, 4, EV 90.0 MPH)
Bottom of the 2nd over - 0 runs, 1 hit, 0 errors, 0 left on base; Minnesota (WIN) 6 - Boston (WIN) 1
TOP OF THE 3RD
Minnesota (WIN) Twins batting - Pitching for Boston (WIN) Red Sox : LHP Adam Schneidewind
Batting: LHB Kuemon Shishido 0-0: Foul Ball, location: 2F
0-1: Swinging Strike
0-2: Strikes out looking
Batting: SHB Ian Thompson 0-0: Called Strike
0-1: Foul Ball, location: 2F
0-2: Ball
1-2: Strikes out swinging
Batting: RHB Steve Raine 0-0: Ball
1-0: Ball
2-0: Called Strike
2-1: Foul Ball, location: 2F
2-2: Ball
3-2: Base on Balls
Pitching: RHP Steve Capizzi
Batting: RHB Kevin Harris 0-0: Ball
1-0: Called Strike
1-1: Called Strike
1-2: Ground out U3 (Groundball, 3, EV 106.2 MPH)
Top of the 3rd over - 0 runs, 0 hits, 0 errors, 1 left on base; Minnesota (WIN) 6 - Boston (WIN) 1
BOTTOM OF THE 3RD
Boston (WIN) Red Sox batting - Pitching for Minnesota (WIN) Twins : RHP Jason Stout
Batting: RHB Andy Garvin 0-0: Fly out, F8 (Flyball, 8LD, EV 95.0 MPH)
Batting: LHB Dave Reyes 0-0: Ball
1-0: Swinging Strike
1-1: SINGLE (Line Drive, 78S, EV 108.1 MPH)
Batting: SHB Ben Ervin 0-0: Called Strike
0-1: Ball
1-1: Called Strike
1-2: Ball
2-2: Strikes out swinging
Batting: RHB Brandon Perris 0-0: Called Strike
0-1: Ball
Wild Pitch!
Dave Reyes to second
1-1: Foul Ball, location: 2F
1-2: Ball
2-2: Strikes out swinging
Bottom of the 3rd over - 0 runs, 1 hit, 0 errors, 1 left on base; Minnesota (WIN) 6 - Boston (WIN) 1
TOP OF THE 4TH
Minnesota (WIN) Twins batting - Pitching for Boston (WIN) Red Sox : RHP Steve Capizzi
Batting: RHB David Nardone 0-0: Swinging Strike
0-1: Ball
1-1: Foul Ball, location: 2F
1-2: SINGLE (Groundball, 56D, EV 103.1 MPH)
Batting: RHB Jorge Corte 0-0: Foul Ball, location: 2F
0-1: DOUBLE (Line Drive, 89XD, EV 114.4 MPH)
David Nardone to third
Batting: RHB Miguel Gonzalez 0-0: Foul Ball, location: 2F
0-1: Ball
1-1: Foul Ball, location: 2F
1-2: Ball
2-2: Foul Ball, location: 2F
2-2: Foul Ball, location: 2F
2-2: Strikes out swinging
Batting: SHB Dan Morataya 0-0: Called Strike
0-1: Ball
1-1: Swinging Strike
1-2: Strikes out swinging
Batting: RHB Michael McDonald 0-0: Ball
1-0: Foul Ball, location: 2F
1-1: SINGLE (Groundball, 5S, EV 60.6 MPH) (infield hit)
David Nardone scores
Jorge Corte to third
Batting: LHB Kuemon Shishido 0-0: Ball
1-0: Ball
2-0: Foul Ball, location: 2F
2-1: Ball
3-1: Ground out U3 (Groundball, 3L, EV 98.1 MPH)
Top of the 4th over - 1 run, 3 hits, 0 errors, 2 left on base; Minnesota (WIN) 7 - Boston (WIN) 1
BOTTOM OF THE 4TH
Boston (WIN) Red Sox batting - Pitching for Minnesota (WIN) Twins : RHP Jason Stout
Batting: LHB Jarrett Mordecai 0-0: Ground out 4-3 (Groundball, 4, EV 80.0 MPH)
Batting: SHB Greg Shaw 0-0: SINGLE (Flyball, 5D, EV 95.0 MPH)
Batting: LHB David Moore 0-0: Ball
1-0: Fly out, F7 (Flyball, 7D, EV 90.0 MPH)
Batting: RHB Jose Diaz 0-0: Ball
Greg Shaw is caught stealing 2nd base 2-4
Bottom of the 4th over - 0 runs, 1 hit, 0 errors, 0 left on base; Minnesota (WIN) 7 - Boston (WIN) 1
TOP OF THE 5TH
Minnesota (WIN) Twins batting - Pitching for Boston (WIN) Red Sox : RHP Steve Capizzi
Batting: SHB Ian Thompson 0-0: Ball
1-0: Ball
2-0: Foul Ball, location: 2F
2-1: Ground out 4-3 (Groundball, 4, EV 82.5 MPH)
Batting: RHB Steve Raine 0-0: Ball
1-0: Ball
2-0: Foul Ball, location: 2F
2-1: Ball
3-1: Foul Ball, location: 2F
3-2: Fly out, F2 (Popup, 2LF, EV 91.2 MPH)
Batting: RHB Kevin Harris 0-0: Called Strike
0-1: Swinging Strike
0-2: Ball
1-2: Strikes out swinging
Top of the 5th over - 0 runs, 0 hits, 0 errors, 0 left on base; Minnesota (WIN) 7 - Boston (WIN) 1
BOTTOM OF THE 5TH
Boston (WIN) Red Sox batting - Pitching for Minnesota (WIN) Twins : RHP Jason Stout
Batting: RHB Jose Diaz 0-0: Called Strike
0-1: Ball
1-1: Fly out, F9 (Flyball, 9S, EV 87.5 MPH)
Batting: LHB Tim Fuller 0-0: Ball
1-0: Ball
2-0: SINGLE (Line Drive, 6MD, EV 95.6 MPH)
Batting: RHB Andy Garvin 0-0: Called Strike
0-1: Ball
1-1: Ball
2-1: TRIPLE (Flyball, 8LXD, EV 93.1 MPH)
Tim Fuller scores
Batting: LHB Dave Reyes 0-0: Called Strike
0-1: Ball
1-1: Ball
2-1: Foul Ball, location: 2F
2-2: Ball
3-2: Foul Ball, location: 2F
3-2: Foul Ball, location: 2F
3-2: Base on Balls
Batting: SHB Ben Ervin 0-0: Ball
1-0: Fly out, F8 (Line Drive, 78M, EV 86.9 MPH)
Batting: RHB Brandon Perris 0-0: Ball
1-0: Foul Ball, location: 2F
1-1: Called Strike
1-2: Foul Ball, location: 2F
1-2: Ball
2-2: Foul Ball, location: 2F
2-2: Fielders Choice at 2nd, 5-4 (Groundball, 56, EV 103.8 MPH)
Bottom of the 5th over - 1 run, 2 hits, 0 errors, 2 left on base; Minnesota (WIN) 7 - Boston (WIN) 2
TOP OF THE 6TH
Minnesota (WIN) Twins batting - Pitching for Boston (WIN) Red Sox : RHP Steve Capizzi
Batting: RHB David Nardone 0-0: Ground out 6-3 (Groundball, 6, EV 103.8 MPH)
Batting: RHB Jorge Corte 0-0: SINGLE (Flyball, 4D, EV 96.9 MPH)
Batting: RHB Miguel Gonzalez 0-0: Foul Ball, location: 2F
0-1: Called Strike
0-2: Ball
1-2: Ball
2-2: Fly out, F8 (Flyball, 8LXD, EV 97.5 MPH)
Batting: SHB Dan Morataya 0-0: Called Strike
0-1: Called Strike
0-2: Strikes out swinging
Top of the 6th over - 0 runs, 1 hit, 0 errors, 1 left on base; Minnesota (WIN) 7 - Boston (WIN) 2
BOTTOM OF THE 6TH
Boston (WIN) Red Sox batting - Pitching for Minnesota (WIN) Twins : RHP Jason Stout
Batting: LHB Jarrett Mordecai 0-0: Ball
1-0: Ball
2-0: Called Strike
2-1: SINGLE (Groundball, 6S, EV 70.0 MPH) (infield hit)
Batting: SHB Greg Shaw 0-0: Called Strike
0-1: Ball
1-1: Ball
2-1: SINGLE (Groundball, 6MS, EV 65.0 MPH) (infield hit)
Jarrett Mordecai to second
Batting: LHB David Moore 0-0: Called Strike
0-1: Foul Ball, location: 2F
0-2: SINGLE (Groundball, 4MD, EV 93.8 MPH)
Jarrett Mordecai to third
Greg Shaw to second
Batting: RHB Jose Diaz 0-0: Ball
1-0: Ball
2-0: Foul Ball, location: 2F
2-1: Ball
3-1: SINGLE (Groundball, 6MD, EV 102.5 MPH)
Jarrett Mordecai scores
Greg Shaw to third
David Moore to second
Batting: LHB Tim Fuller 0-0: Ball
1-0: Called Strike
1-1: Ball
2-1: Ball
3-1: Base on Balls
Greg Shaw scores
David Moore to third
Jose Diaz to second
Batting: RHB Andy Garvin 0-0: Called Strike
0-1: SINGLE (Groundball, 34, EV 102.5 MPH)
David Moore scores
Jose Diaz to third
Tim Fuller to second
Pitching: RHP John Morrison
Batting: LHB Dave Reyes 0-0: Swinging Strike
0-1: Ball
1-1: Ball
2-1: Called Strike
2-2: Strikes out looking
Batting: SHB Ben Ervin 0-0: Foul Ball, location: 2F
0-1: Swinging Strike
0-2: Ball
1-2: Strikes out looking
Batting: RHB Brandon Perris 0-0: Ball
1-0: Called Strike
1-1: Called Strike
1-2: Ball
2-2: Ball
3-2: Strikes out swinging
Bottom of the 6th over - 3 runs, 5 hits, 0 errors, 3 left on base; Minnesota (WIN) 7 - Boston (WIN) 5
TOP OF THE 7TH
Minnesota (WIN) Twins batting - Pitching for Boston (WIN) Red Sox : RHP Steve Capizzi
Batting: RHB Michael McDonald 0-0: Called Strike
0-1: Fly out, F8 (Line Drive, 8RD, EV 101.2 MPH)
Batting: LHB Kuemon Shishido 0-0: Ball
1-0: Called Strike
1-1: Called Strike
1-2: Fly out, F7 (Flyball, 78M, EV 87.5 MPH)
Batting: SHB Ian Thompson 0-0: Called Strike
0-1: Foul Ball, location: 2F
0-2: Ball
1-2: Ball
2-2: Ground out 3-1 (Groundball, 34, EV 104.4 MPH)
Top of the 7th over - 0 runs, 0 hits, 0 errors, 0 left on base; Minnesota (WIN) 7 - Boston (WIN) 5
BOTTOM OF THE 7TH
Boston (WIN) Red Sox batting - Pitching for Minnesota (WIN) Twins : RHP John Morrison
Batting: LHB Jarrett Mordecai 0-0: Called Strike
0-1: Ball
1-1: Swinging Strike
1-2: Foul Ball, location: 2F
1-2: Strikes out swinging
Batting: SHB Greg Shaw 0-0: Called Strike
0-1: Foul Ball, location: 2F
0-2: Ball
1-2: Strikes out swinging
Batting: LHB David Moore 0-0: Called Strike
0-1: Ball
1-1: Foul Ball, location: 2F
1-2: Foul Ball, location: 2F
1-2: Strikes out swinging
Bottom of the 7th over - 0 runs, 0 hits, 0 errors, 0 left on base; Minnesota (WIN) 7 - Boston (WIN) 5
TOP OF THE 8TH
Minnesota (WIN) Twins batting - Pitching for Boston (WIN) Red Sox : RHP Steve Capizzi
Pitching: RHP John Jordan
Batting: RHB Steve Raine 0-0: Ball
1-0: Called Strike
1-1: Ground out 4-3 (Groundball, 4, EV 85.0 MPH)
Batting: RHB Kevin Harris 0-0: Ball
1-0: Ground out 6-3 (Groundball, 56, EV 104.4 MPH)
Batting: RHB David Nardone 0-0: Ball
1-0: Swinging Strike
1-1: Ball
2-1: Called Strike
2-2: Foul Ball, location: 2F
2-2: Ball
3-2: Foul Ball, location: 2F
3-2: Base on Balls
Batting: RHB Jorge Corte 0-0: Ball
1-0: Called Strike
1-1: Foul Ball, location: 2F
1-2: Fly out, F9 (Flyball, 9S, EV 94.4 MPH)
Top of the 8th over - 0 runs, 0 hits, 0 errors, 1 left on base; Minnesota (WIN) 7 - Boston (WIN) 5
BOTTOM OF THE 8TH
Boston (WIN) Red Sox batting - Pitching for Minnesota (WIN) Twins : RHP John Morrison
Batting: RHB Jose Diaz 0-0: Ball
1-0: Called Strike
1-1: Ball
2-1: Ground out 3-1 (Groundball, 13, EV 80.6 MPH)
Batting: LHB Tim Fuller 0-0: Ball
1-0: Ball
2-0: Called Strike
2-1: Ball
3-1: Called Strike
3-2: Foul Ball, location: 2F
3-2: Fly out, F7 (Flyball, 7, EV 88.1 MPH)
Batting: RHB Andy Garvin 0-0: Fly out, F7 (Flyball, 78XD, EV 111.2 MPH)
Bottom of the 8th over - 0 runs, 0 hits, 0 errors, 0 left on base; Minnesota (WIN) 7 - Boston (WIN) 5
TOP OF THE 9TH
Minnesota (WIN) Twins batting - Pitching for Boston (WIN) Red Sox : RHP John Jordan
Batting: RHB Miguel Gonzalez 0-0: Called Strike
0-1: Ball
1-1: Ball
2-1: Swinging Strike
2-2: Strikes out swinging
Batting: SHB Dan Morataya 0-0: Called Strike
0-1: Swinging Strike
0-2: Foul Ball, location: 2F
0-2: Strikes out swinging
Batting: RHB Michael McDonald 0-0: Foul Ball, location: 2F
0-1: Ball
1-1: Ball
2-1: Foul Ball, location: 2F
2-2: Ball
3-2: Base on Balls
Batting: LHB Kuemon Shishido 0-0: Ball
1-0: Called Strike
1-1: Swinging Strike
1-2: Strikes out swinging
Top of the 9th over - 0 runs, 0 hits, 0 errors, 1 left on base; Minnesota (WIN) 7 - Boston (WIN) 5
BOTTOM OF THE 9TH
Boston (WIN) Red Sox batting - Pitching for Minnesota (WIN) Twins : RHP John Morrison
Pitching: LHP Willie Jimenez
Batting: LHB Dave Reyes 0-0: Called Strike
0-1: Ball
1-1: Ball
2-1: Foul Ball, location: 2F
2-2: Ball
3-2: Foul Ball, location: 2F
3-2: Foul Ball, location: 2F
3-2: Strikes out swinging
Batting: SHB Ben Ervin 0-0: Ball
1-0: Ball
2-0: Ball
3-0: SINGLE (Groundball, 4MD, EV 98.8 MPH)
Batting: RHB Brandon Perris 0-0: Called Strike
0-1: Foul Ball, location: 2F
0-2: Strikes out looking
Batting: LHB Jarrett Mordecai 0-0: Ball
1-0: Called Strike
1-1: Ball
Wild Pitch!
Ben Ervin to second
2-1: Fly out, F8 (Line Drive, 8LM, EV 85.6 MPH)
Bottom of the 9th over - 0 runs, 1 hit, 0 errors, 1 left on base; Minnesota (WIN) 7 - Boston (WIN) 5
Thursday, December 15th , 2022 - OOTP Baseball 23.9 Build 102